Map: Lost and Found LE

Players

noobling - Winner!

  • Race: Zerg Zerg
  • League: Diamond
  • Spawn Location: 7:00

olofmeister

  • Race: Protoss Protoss
  • League: Diamond
  • Spawn Location: 1:00

VOD

Have the link to the VOD?

Description

Time

  • Played on: Oct. 17, 2018, 10:01 p.m.
  • Length: 12:22
Show
View Real Time Build Order
Export as new Build Order

noobling Zerg - Winner!

Build Orders: Hatch First 

Get SALT Encoding   

  12  0:02  Drone  
  13  0:13  Overlord  
  13  0:19  Drone  
  14  0:32  Drone x2  
  16  0:35  Drone  
  17  0:55  Hatchery  
  17  0:56  Drone  
  17  1:03  Drone  
  18  1:09  Drone  
  19  1:16  Extractor  
  19  1:18  Spawning Pool  
  17  1:22  Drone  
  18  1:29  Drone  
  19  1:40  Overlord  
  19  1:50  Overlord  
  19  2:07  Queen x2  
  23  2:08  Zergling x2  
  23  2:09  Zergling x2  
  25  2:17  Metabolic Boost  
  25  2:20  Drone x2  
  27  2:24  Drone  
  28  2:35  Drone x2  
  30  2:48  Hatchery  
  29  2:55  Drone x3  
  29  2:56  Drone  
  33  3:02  Baneling Nest  
  32  3:07  Drone x2  
  33  3:14  Overlord  
  33  3:31  Zergling x4  
  35  3:36  Drone  
  35  3:37  Drone x4  
  40  3:42  Overlord  
  40  3:45  Lair  
  40  3:48  Drone  
  41  3:50  Spore Crawler  
  40  3:57  Queen  
  40  4:00  Spore Crawler  
  40  4:01  Drone x3  
  40  4:02  Drone  
  45  4:06  Overlord  
  45  4:11  Drone x3  
  48  4:22  Baneling  
  48  4:23  Baneling x2  
  48  4:25  Drone x4  
  48  4:26  Drone x2  
  48  4:29  Spore Crawler  
  53  4:35  Extractor  
  53  4:36  Extractor  
  51  4:49  Spine Crawler, Spore Crawler  
  51  4:51  Extractor  
  51  4:52  Overseer  
  48  4:57  Overlord x4  
  48  5:02  Drone x2  
  48  5:06  Spine Crawler  
  49  5:07  Spine Crawler  
  49  5:09  Spine Crawler  
  49  5:14  Zergling x12  
  49  5:15  Zergling x4  
  49  5:18  Zergling x4  
  57  5:27  Zergling x2  
  57  5:28  Zergling x10  
  60  5:48  Drone  
  60  5:49  Drone x9  
  70  6:04  Drone x2  
  71  6:05  Drone x3  
  71  6:06  Drone  
  75  6:12  Overlord x2  
  75  6:13  Overlord  
  70  6:43  Drone x4  
  70  6:44  Drone x2  
  76  6:47  Drone x2  
  76  6:48  Infestation Pit, Hydralisk Den  
  76  6:50  Overseer, Extractor  
  76  6:51  Extractor  
  76  6:53  Overseer  
  74  7:05  Zergling x2  
  74  7:06  Zergling x12  
  80  7:10  Zergling x2  
  80  7:11  Zergling x2  
  80  7:12  Baneling  
  80  7:13  Baneling x16  
  80  7:14  Zergling x2  
  80  7:15  Zergling x6  
  86  7:19  Hydralisk x2, Muscular Augments  
  86  7:20  Hydralisk x2  
  94  7:25  Zergling x8  
  94  7:29  Burrow  
  98  7:30  Overlord  
  98  7:35  Overlord x2  
  98  7:39  Drone  
  98  7:40  Drone x2  
  98  7:41  Drone  
  102  7:44  Drone  
  99  7:56  Hydralisk  
  99  7:57  Hydralisk x5  
  96  8:02  Hydralisk  
  96  8:05  Zergling x2  
  96  8:06  Zergling x4  
  98  8:17  Hydralisk x4  
  98  8:18  Hydralisk  
  98  8:19  Zergling x2  
  102  8:20  Zergling x12  
  102  8:27  Hydralisk  
  108  8:29  Hydralisk  
  108  8:30  Grooved Spines  
  112  8:35  Hydralisk  
  112  8:37  Overseer  
  112  8:38  Overseer  
  114  8:46  Hydralisk x3  
  114  8:47  Hydralisk  
  122  8:49  Hydralisk  
  122  8:55  Hydralisk x2, Extractor  
  124  8:56  Hatchery  
  124  8:57  Overlord x4  
  124  9:02  Extractor  
  125  9:06  Hydralisk x3  
  125  9:08  Zergling x6  
  134  9:16  Baneling x6  
  134  9:17  Baneling, Overlord x2  
  134  9:22  Hydralisk x2  
  138  9:30  Hydralisk  
  138  9:31  Hydralisk  
  140  9:34  Hydralisk  
  139  9:57  Hydralisk x3  
  139  9:58  Hydralisk x2  
  135  10:00  Zergling x8  
  135  10:01  Zergling x14  
  135  10:03  Hydralisk  
  105  10:16  Hydralisk  
  105  10:21  Hydralisk x6  
  108  10:28  Hydralisk  
  120  10:31  Hydralisk  
  120  10:33  Zergling x4  
  126  10:36  Baneling x6  
  126  10:37  Baneling  
  126  10:38  Baneling  
  126  10:43  Queen  
  126  10:47  Drone x3  
  126  10:48  Drone x4  
  126  10:49  Drone x6  
  141  10:58  Hydralisk  
  141  10:59  Hydralisk x2  
  141  11:02  Baneling  
  141  11:03  Baneling x6  
  147  11:06  Hydralisk x24  
  147  11:14  Hydralisk  
  147  11:15  Hydralisk x3  
  155  11:20  Hydralisk x3  
  155  11:22  Zergling x2  
  162  11:35  Hydralisk x6  
  166  11:56  Hydralisk  
  166  12:01  Zergling x10  
Show
View Real Time Build Order
Export as new Build Order

olofmeister Protoss 

Build Orders: 1 Gate Expand, Zealot Archon, Dark Templar Rush 

Get SALT Encoding   

  12  0:00  Probe  
  13  0:12  Probe  
  14  0:19  Pylon  
  14  0:24  Probe  
  15  0:37  Probe  
  15  0:39  Gateway  
  16  0:47  Assimilator  
  16  0:49  Probe  
  17  1:01  Probe  
  18  1:14  Probe  
  19  1:26  Probe  
  19  1:30  Nexus  
  20  1:41  Cybernetics Core  
  20  1:44  Probe  
  21  1:47  Warp Gate  
  21  1:53  Assimilator  
  21  1:56  Probe  
  22  2:03  Pylon  
  22  2:08  Probe  
  23  2:21  Adept  
  26  2:22  Probe  
  26  2:35  Probe  
  27  2:42  Twilight Council  
  27  2:44  Probe  
  27  2:47  Probe  
  29  2:52  Adept  
  29  2:56  Probe  
  32  2:59  Pylon  
  32  3:01  Probe  
  33  3:08  Probe  
  34  3:13  Probe  
  34  3:18  Robotics Facility  
  35  3:20  Probe  
  35  3:25  Probe  
  37  3:28  Dark Shrine  
  39  3:36  Probe  
  39  3:40  Gateway  
  39  3:41  Probe  
  39  3:44  Gateway  
  39  3:51  Probe  
  40  3:57  Gateway  
  40  3:59  Probe  
  41  4:04  Probe, Assimilator  
  41  4:10  Warp Prism  
  41  4:11  Probe  
  41  4:16  Probe  
  45  4:23  Probe  
  46  4:28  Probe  
  46  4:30  Pylon  
  46  4:31  Pylon  
  47  4:35  Stalker, Probe  
  47  4:36  Charge  
  50  4:40  Probe  
  51  4:54  Probe  
  51  4:55  Probe  
  51  4:58  Shield Battery  
  53  5:00  Assimilator  
  53  5:06  Probe  
  54  5:08  Probe  
  54  5:12  Dark Templar  
  54  5:13  Dark Templar x3  
  63  5:19  Probe  
  63  5:20  Probe  
  65  5:31  Probe  
  65  5:33  Probe  
  59  5:43  Probe  
  59  5:47  Adept x3  
  59  5:48  Adept  
  68  5:51  Probe  
  68  5:54  Nexus  
  68  5:55  Probe  
  68  5:56  Pylon  
  69  6:14  Resonating Glaives, Immortal, Pylon  
  69  6:15  Pylon  
  73  6:25  Adept x3  
  74  6:26  Adept  
  78  6:46  Gateway  
  78  6:47  Warp Prism  
  78  6:50  Pylon  
  80  6:55  Gateway  
  80  7:00  Gateway  
  80  7:04  Zealot, Gateway  
  80  7:06  Probe  
  80  7:07  Probe  
  84  7:12  Nexus  
  84  7:14  Pylon  
  84  7:18  Probe  
  84  7:19  Probe  
  86  7:33  Dark Templar x3  
  86  7:34  Dark Templar  
  94  7:38  Archon x2  
  76  8:03  Probe x2  
  78  8:10  Dark Templar x4  
  76  8:30  Probe x2  
  76  8:31  Pylon  
  76  8:32  Probe  
  76  8:33  Pylon  
  79  8:35  Pylon  
  79  8:37  Gateway  
  79  8:38  Gateway  
  79  8:40  Gateway  
  79  8:42  Probe x2  
  79  8:43  Zealot x3, Gateway  
  79  8:44  Zealot x4  
  93  8:50  Probe  
  93  8:52  Immortal  
  93  8:54  Probe x2  
  96  9:02  Probe, Forge  
  100  9:04  Forge  
  100  9:07  Dark Templar x2, Pylon  
  100  9:09  Dark Templar, Pylon  
  105  9:13  Archon  
  105  9:15  Archon  
  104  9:31  Templar Archives, Immortal  
  99  9:32  Zealot x4, Nexus  
  99  9:33  Zealot  
  103  9:39  Dark Templar x2  
  103  9:44  Archon  
  107  9:45  Zealot x2  
  107  9:51  Zealot x2  
  113  9:55  Zealot  
  113  9:59  Zealot  
  93  10:02  Zealot  
  93  10:06  Zealot  
  79  10:11  Zealot x2  
  79  10:13  Psionic Storm  
  73  10:14  Probe  
  73  10:15  Probe  
  75  10:27  Probe x2  
  77  10:43  Dark Templar  
  77  10:44  Dark Templar  
  77  10:48  Archon  
  81  10:51  Probe x3  
  84  11:02  Nexus  
  84  11:03  Probe  
  85  11:11  High Templar x3  
  85  11:12  High Templar  
  85  11:18  Zealot x3  
  99  11:27  Zealot x3  
  97  11:34  Zealot  
  90  11:40  Zealot x3  
  92  11:54  Zealot x3  
  90  12:01  High Templar x3  
  66  12:16  Zealot x2  
Tags
 
Add a new tag
Caveats
  • Supply blocks, unpowered buildings, or Contaminate may cause inaccurate times.
  • Supply counts are checked every 10 seconds.